 Dungeon Crawl Stone Soup version 0.19.1-1-g22dce08 (webtiles) character file.

32 SQman the Grave Robber (level 3, -3/28 HPs)
             Began as a Draconian Wanderer on Dec 21, 2016.
             Slain by Terence
             ... wielding a +6 flail of protection
              (10 damage)
             ... on level 2 of the Dungeon on Dec 28, 2016.
             The game lasted 00:06:12 (1267 turns).

SQman the Grave Robber (Draconian Wanderer)         Turns: 1267, Time: 00:06:12

Health: -3/28      AC:  8    Str: 15    XL:     3   Next: 8%
Magic:  4/4        EV: 11    Int: 15    God:
Gold:   23         SH:  0    Dex:  7    Spells: 1 memorised, 3 levels left

rFire  . . .     SeeInvis .     e - +0 hand axe
rCold  . . .     Gourm    .     (armour unavailable)
rNeg   . . .     Faith    .     (no shield)
rPois  .         Spirit   .     (helmet restricted)
rElec  .         Reflect  .     (no cloak)
rCorr  .         Harm     .     (no gloves)
MR     .....                    i - +2 pair of boots
Stlth  +.........               (no amulet)
                                (no ring)
                                (no ring)

@: no status effects
A: unfitting armour, cold-blooded, AC +5
a: no special abilities


You were on level 2 of the Dungeon.
You were not hungry.

You visited 1 branch of the dungeon, and saw 2 of its levels.

You collected 23 gold pieces.

Inventory:

Hand Weapons
 a - a +2 shortbow
 e - a +0 hand axe (weapon)
Missiles
 b - 65 arrows
Armour
 i - a +2 pair of boots (worn)
Scrolls
 h - 3 scrolls of teleportation
 l - 2 scrolls of identify
 m - a scroll of amnesia {unknown}
Potions
 c - 2 potions of lignification
 k - a potion of brilliance
Books
 d - the Almanac of Displacement

   Spells                             Type                      Level
   a - Apportation                    Translocation                1
   b - Lesser Beckoning               Translocation                3
Comestibles
 f - a bread ration
 g - 6 fruits
 n - a meat ration


   Skills:
 + Level 1.5 Fighting
 + Level 1.2 Axes
 + Level 2.6 Bows
   Level 2.0 Shields
 + Level 1.1 Spellcasting
   Level 4.0 Necromancy


You had 3 spell levels left.
You knew the following spells:

 Your Spells              Type           Power        Failure   Level  Hunger
a - Apportation           Tloc           #.........   28%         1    ##.....


Dungeon Overview and Level Annotations

Branches:
Dungeon (2/15)

Altars:

Annotations:
D:2 Terence


Innate Abilities, Weirdness & Mutations

Your plain brown scales are hard. (AC +5)
You cannot fit into any form of body armour.
You are cold-blooded and may be slowed by cold attacks.


Message History

You have reached level 3!
Your experience leads to an increase in your attributes!
Increase (S)trength, (I)ntelligence, or (D)exterity?
You feel clever.
Your scales feel tougher.
Terence the Incautious comes into view.
He is wielding a flail of protection.
Terence shouts!
Terence moves out of view.
Found a stone staircase leading down.
Terence asks, "Do you want it fast or slow?"
Terence hits you with a flail of protection.
You closely miss Terence. Terence misses you.
You barely miss Terence.
Terence hits you with a flail of protection.
* * * LOW HITPOINT WARNING * * *
You hit Terence but do no damage. Terence hits you but does no damage.
You barely miss Terence. Terence hits you but does no damage.
You hit Terence but do no damage. Terence misses you.
You hit Terence but do no damage.
Terence hits you with a flail of protection!
You die...

##.# # #.†#
#.# #.#..).#
###.#.####
#.....#
#.###.# #.#
.#
######.###.#
#.....@@...#
#.######.#.#
... ..>.
..... ###.


You could see Terence.

Vanquished Creatures
  An adder (D:2)
  A worm (D:2)
  A dart slug (D:1)
  A bat (D:2)
  A goblin (D:2)
  3 hobgoblins (D:1)
  4 jackals
  2 kobolds
  A quokka (D:2)
  A frilled lizard (D:1)
16 creatures vanquished.

Notes
Turn   | Place    | Note
-------+----------+-------------------------------------------
     0 | D:1      | SQman the Draconian Wanderer began the quest for the Orb.
     0 | D:1      | SQman set off with: a +2 shortbow, 22 arrows, a potion of lignification, the Almanac of Displacement, a bread ration
     0 | D:1      | Reached XP level 1. HP: 16/16 MP: 2/2
     0 | D:1      | Identified the Almanac of Displacement
     2 | D:1      | Learned a level 1 spell: Apportation
   908 | D:1      | Reached XP level 2. HP: 23/23 MP: 3/3
  1168 | D:2      | Upgraded the game from 0.19.1 to 0.19.1-1-g22dce08
  1233 | D:2      | Reached skill level 1 in Axes
  1250 | D:2      | Reached XP level 3. HP: 12/28 MP: 4/4
  1257 | D:2      | Noticed Terence
  1267 | D:2      | Slain by Terence

Skill      XL: |  1  2 |
---------------+-------+-----
Bows           | 2 |  2.6
Axes           | 1 |  1.2
Fighting       | |  1.5
Shields        | |  2.0
Spellcasting   | |  1.1
Necromancy     | |  4.0

Action                   || total
-------------------------++-------
Melee: Hand axe          ||    46
       Tailslap          ||     4
 Fire: Shortbow          ||    21
  Use: Scroll            ||     2
       Potion            ||     2
  Eat: Chunk             ||     1
Armor: Skin              ||    17
Dodge: Dodged            ||    32
